 Dungeon Crawl Stone Soup version 0.28-a0-1312-g71652a0310 (webtiles) character file.

Game seed: 8850059773232362649

352 Crownlay the Digger (level 6, -4/32 HPs)
             Began as a Gargoyle Earth Elementalist on Dec 27, 2021.
             Slain by a gnoll (8 damage)
             ... on level 4 of the Dungeon.
             The game lasted 00:04:59 (3370 turns).

Crownlay the Digger (Gargoyle Earth Elementalist)   Turns: 3370, Time: 00:04:59

Health: -4/32      AC:  7    Str: 12    XL:     6   Next: 62%
Magic:  12/13      EV: 11    Int: 17    God:
Gold:   138        SH:  0    Dex: 10    Spells: 9/15 levels left

rFire   . . .      SeeInvis .   p - +2 dagger (venom)
rCold   . . .      Faith    .   (no shield)
rNeg    + . .      Spirit   .   b - +0 robe
rPois   ∞          Reflect  .   m - +0 helmet
rElec   +          Harm     .   (no cloak)
rCorr   .          Rampage  .   (no gloves)
Will    .....                   (no boots)
Stlth   ++........              k - amulet of regeneration
HPRegen 0.90/turn               j - +4 ring of slaying
MPRegen 0.13/turn               (no ring)

@: no status effects
A: sickness immunity, AC +4, negative energy resistance 1, electricity
resistance, torment resistance 1, petrification resistance
a: no special abilities


You were on level 4 of the Dungeon.
You visited 1 branch of the dungeon, and saw 4 of its levels.

You collected 138 gold pieces.

Inventory:

Hand Weapons
 p - a +2 dagger of venom (weapon)
Missiles
 c - 109 stones
Armour
 b - a +0 robe (worn)
 m - a +0 helmet (worn)
Jewellery
 j - a +4 ring of slaying (left hand)
 k - an amulet of regeneration (around neck)
Scrolls
 d - 2 scrolls of teleportation {unknown}
 f - 2 scrolls of fear {unknown}
 h - a scroll of holy word {unknown}
 i - a scroll of summoning {unknown}
 l - a scroll of magic mapping {unknown}
 o - a scroll of amnesia {unknown}
Potions
 a - 2 potions of attraction
 e - a potion of brilliance {unknown}
 g - 2 potions of curing
 n - 2 potions of haste {unknown}


   Skills:
 - Level 1.5 Dodging
 - Level 2.1 Stealth
 * Level 5.2 Spellcasting
 - Level 0.7 Transmutations
 + Level 5.7 Earth Magic


You had 9 spell levels left.
You knew the following spells:

 Your Spells              Type           Power      Damage    Failure   Level
a - Sandblast             Erth           48%        2d12      1%          1
b - Stone Arrow           Conj/Erth      28%        3d8       13%         3
c - Passwall              Tmut/Erth      12%        N/A       5%          2

Your spell library contained the following spells:

 Spells                   Type           Power      Damage    Failure   Level
 Ignite Poison            Fire/Tmut/Pois 5%         N/A       36%         3
 Petrify                  Tmut/Erth      15%        N/A       36%         4
 Mephitic Cloud           Conj/Pois/Air  4%         N/A       38%         3
 Freezing Cloud           Conj/Ice/Air   2%         6-21      98%         5


Dungeon Overview and Level Annotations

Branches:
Dungeon (4/15)             Temple (0/1) D:4

Altars:
Hepliaklqana


Innate Abilities, Weirdness & Mutations

You are immune to sickness and miasma.
Your stone body is resilient. (AC +4)
You are immune to poison.
You resist negative energy. (rN+)
You are resistant to electric shocks. (rElec)
You are resistant to unholy torment.
You are immune to petrification.


Message History

A gnoll is nearby!
A gnoll is nearby!
The gnoll shouts!
You hear a shout! x2
A gnoll comes into view. It is wielding a +0 halberd.
You see here a scroll labelled OSTRUC ZOHENOULANU.
Found a staircase to the Ecumenical Temple.
A gnoll comes into view. It is wielding a +0 flail.
A gnoll comes into view. It is wielding a +0 spear.
The gnoll shouts!
The gnoll hits you from afar with a +0 spear.
Found 21 stones.
The gnoll hits you but does no damage.
You puncture the gnoll!
The gnoll is heavily wounded.
A hound comes into view.
The gnoll barely misses you.
The gnoll hits you from afar with a +0 spear.
You closely miss the gnoll.
The gnoll is heavily wounded.
The gnoll closely misses you.
The gnoll hits you from afar with a +0 spear.
The gnoll completely misses you.
The blast of sand hits the gnoll.
The gnoll is severely wounded.
The hound barks!
The gnoll hits you with a +0 flail! The gnoll barely misses you.
The gnoll hits you but does no damage. The gnoll hits you with a +0 spear.
You are too injured to fight recklessly!
You are too injured to fight recklessly!
You are too injured to fight recklessly!
You are too injured to fight recklessly!
The gnoll hits you from afar with a +0 spear!
* * * LOW HITPOINT WARNING * * *
The gnoll hits you but does no damage.
Found a Grand Grimoire.
The gnoll hits you from afar with a +0 spear.
* * * LOW HITPOINT WARNING * * *
The hound bites you.
* * * LOW HITPOINT WARNING * * *
The gnoll hits you from afar with a +0 halberd!
You die...

......$... ##
...........########
.........?....##.....#
##.##.##.##..........###
#.........#..........##.
........................
#:.⌠...⌠..#..?..........
#.........#.............
.....>.@g.....##.....##'
#.......h.#...##.....##.
#..⌠...g.g#....+.....#..
.........g.....#.....#..
#.........#....#.....'..
##.##.##.##....#.....###
#........#....#.....##.
# #...####...##.....##.
... #...####'####.


You could see a hound and 4 gnolls.

Vanquished Creatures
  A scorpion (D:2)
  A howler monkey (D:3)
  2 orc priests (D:4)
  2 orc wizards
  Robin (D:3)
  4 adders (D:2)
  A worm (D:2)
  3 dart slugs
  6 orcs
  11 ball pythons
  4 bats
  4 endoplasms
  3 giant cockroaches
  19 goblins
  6 hobgoblins
  4 jackals (D:1)
  6 kobolds
  2 quokkas (D:1)
  3 frilled lizards (D:2)
  3 rats
86 creatures vanquished.

Notes
Turn   | Place    | Note
-------+----------+-------------------------------------------
     0 | D:1      | Crownlay the Gargoyle Earth Elementalist began the quest
                  | for the Orb.
     0 | D:1      | Reached XP level 1. HP: 10/10 MP: 3/3
   140 | D:1      | Reached XP level 2. HP: 10/15 MP: 3/5
   501 | D:1      | Reached XP level 3. HP: 18/19 MP: 2/7
  1573 | D:2      | Reached XP level 4. HP: 17/24 MP: 9/9
  1782 | D:2      | Noticed a scorpion
  1808 | D:2      | Killed a scorpion
  1809 | D:2      | Reached XP level 5. HP: 28/28 MP: 3/11
  1895 | D:2      | Learned a level 3 spell: Stone Arrow
  1961 | D:2      | Learned a level 2 spell: Passwall
  2122 | D:2      | Reached skill level 5 in Earth Magic
  2386 | D:3      | Found a hazy altar of Hepliaklqana.
  2637 | D:3      | Reached XP level 6. HP: 30/32 MP: 11/13
  2645 | D:3      | Noticed Robin
  2657 | D:3      | Killed Robin
  2665 | D:3      | Found a faded altar of an unknown god.
  3165 | D:4      | Reached skill level 5 in Spellcasting
  3174 | D:4      | HP: 1/32 [something/magic dart (9)]
  3359 | D:4      | Found a staircase to the Ecumenical Temple.
  3370 | D:4      | Slain by a gnoll

Illustrated notes

Levels and vault maps discovered:
D:1:      minmay_arrival_loop, layout_loops_cross
D:2:      layout_basic, minmay_cut_off
D:3:      layout_loops_ring, mainiacjoe_overflow_paths, serial_glass,
          glass_columns_b, glass_columns_b, glass_columns_c,
          shapermc_ecumenical_altar_starsandcircs, skrybe_limestone_x,
          saegor_snake_ambush, uniq_robin
D:4:      layout_gridville, minmay_temple_entry_large_hall,
          nicolae_shop_firing_range

Skill      XL: |  1  2  3  4  5  6 |
---------------+-------------------+-----
Earth Magic    | 4 5 |  5.7
Spellcasting   | 3 4 5 |  5.2
Dodging        | |  1.5
Stealth        | |  2.1
Transmutations | |  0.7

Action                   |  1- 3 |  4- 6 || total
-------------------------+-------+-------++-------
Melee: Whip              |    14 |       ||    14
       Dagger            |    37 |   109 ||   146
 Cast: Sandblast         |    22 |    21 ||    43
  Use: Potion            |       |     3 ||     3
 Stab: Sleeping          |     5 |     1 ||     6
Armor: Robe              |    39 |    55 ||    94
Dodge: Dodged            |    47 |    44 ||    91

Table legend: (Time is in decaauts)
 A = Elapsed time spent in this place.
 B = Non-inter-level travel time spent in this place.
 C = Inter-level travel time spent in this place.
 D = Time resting spent in this place.
 E = Time spent auto-exploring this place.
 F = Levels seen in this place.
 G = Mean time per level.
                   A        B        C        D        E       F      G
               +--------+--------+--------+--------+--------+-----+--------+
         Total |   3386 |   3311 |     75 |      0 |   2776 |   4 |  846.5 |
       Dungeon |   3386 |   3311 |     75 |      0 |   2776 |   4 |  846.5 |
               +--------+--------+--------+--------+--------+-----+--------+

Top non-repeatable levels by time:
     D:2: 1257 daAuts
     D:1: 1053 daAuts
     D:3: 827 daAuts
     D:4: 247 daAuts
